 Dungeon Sprint DCSS version 0.27-a0-1081-ge8a0a9c698 (webtiles) character file.

Game seed: 14517356022510842214

1497 mhtbhm the Scorcher (level 8, 0/41 HPs)
             Began as a Deep Elf Fire Elementalist on Apr 25, 2021.
             Was an Elder of Vehumet.
             Slain by a tarantella (14 damage)
             ... in the Dungeon (Sprint V: "Ziggurat Sprint").
             The game lasted 00:01:36 (602 turns).

mhtbhm the Scorcher (Deep Elf Fire Elementalist)     Turns: 602, Time: 00:01:36

Health: 0/41       AC:  6    Str:  5    XL:     8   Next: 51%
Magic:  21/25      EV:  8    Int: 35    God:    Vehumet [****..]
Gold:   0          SH:  0    Dex: 15    Spells: 13/29 levels left

rFire    + . .     SeeInvis .   C - +8 lance "Wyrmbane" {slay drac, rPois rF+ rC+ AC+3}
rCold    + . .     Faith    .   (no shield)
rNeg     . . .     Spirit   .   a - +1 robe {Will+}
rPois    +         Reflect  .   (no helmet)
rElec    .         Harm     .   (no cloak)
rCorr    .         Rampage  .   (no gloves)
Will     +....     NoTele   +   (no boots)
Stlth    +.........             (no amulet)
HPRegen  0.13/turn              u - +6 ring of intelligence
MPRegen  0.19/turn              v - +6 ring of intelligence

@: confused, held
A: no striking features
a: Renounce Religion


You were in the Dungeon.
You worshipped Vehumet.
Vehumet was greatly pleased with you.
You visited 1 branch

Inventory:

Hand Weapons
 C - the +8 lance "Wyrmbane" (weapon) {slay drac, rPois rF+ rC+ AC+3}
   (You found it in the Dungeon)

   It affects your AC (+3).
   It protects you from fire.
   It protects you from cold.
   It protects you from poison.
Armour
 a - a +1 robe of willpower (worn)
Jewellery
 u - a +6 ring of intelligence (left hand)
 v - a +6 ring of intelligence (right hand)
Wands
 y - a wand of mindburst (7)
 z - a wand of iceblast (6)
 A - a wand of acid (7)
Scrolls
 h - 4 scrolls of blinking
 m - 4 scrolls of amnesia
 n - 7 scrolls of fog
 o - a scroll of holy word
 p - 5 scrolls of identify
 q - 2 scrolls of fear
Potions
 b - 2 potions of brilliance
 c - 9 potions of curing
 d - 8 potions of heal wounds
 e - 6 potions of haste
 f - 7 potions of magic
 g - 3 potions of berserk rage
 i - 2 potions of invisibility
 j - 4 potions of resistance
 k - a potion of experience
 l - 5 potions of might
 r - a potion of flight {unknown}
Miscellaneous
 s - a piece from Xom's chessboard (15/15)
 B - a lightning rod (4/4)


   Skills:
 + Level 8.7 Dodging
 - Level 5.4 Stealth
 + Level 11.3 Spellcasting
 + Level 3.5 Conjurations
 + Level 15.3 Fire Magic
 + Level 3.5 Evocations


You had 13 spell levels left.
You knew the following spells:

 Your Spells              Type           Power      Damage    Failure   Level
a - Foxfire               Conj/Fire      100%       2x1d9     1%          1
b - Conjure Flame         Conj/Fire      72%        6-21      1%          3
c - Inner Flame           Hex/Fire       65%        N/A       1%          3
d - Sticky Flame          Conj/Fire      72%        2d9       1%          4
e - Fireball              Conj/Fire      36%        3d15      1%          5

Your spell library contained the following spells:

 Spells                   Type           Power      Damage    Failure   Level
 Poisonous Vapours        Pois/Air       38%        N/A       1%          2
 Animate Dead             Necr           9%         N/A       22%         4
 Borgnjor's Vile Clutch   Necr/Erth      9%         N/A       52%         5
 Death Channel            Necr           9%         N/A       98%         6
 Simulacrum               Ice/Necr       9%         N/A       98%         6


Dungeon Overview and Level Annotations

Branches:
Dungeon (1/1)

Altars:
Ashenzari
Cheibriados
Dithmenos
Elyvilon
Fedhas
Gozag
Hepliaklqana
Kikubaaqudgha
Makhleb
Nemelex Xobeh
Okawaru
Qazlal
Ru
Sif Muna
Trog
Uskayaw
Vehumet
Wu Jian
Xom
Yredelemnul
Zin
The Shining One
Beogh
Jiyva
Lugonu

Annotations:
D 1 transporter


Message History

The thunderbolt hits the tarantella!!
You kill the tarantella!
Vehumet accepts your kill.
You feel your power returning.
The thunderbolt hits the jumping spider.
The jumping spider is almost dead.
The jumping spider pounces on you!
You are caught in a web!
The jumping spider bites you but does no damage.
The tarantella bites you! The jumping spider pounces on you.
The jumping spider bites you but does no damage.
The tarantella bites you!
You are confused.
Your lightning rod (4/4) has regained two charges.
Unknown command.
Unknown command.
You are too confused!
Unknown command.
You feel better. The jumping spider pounces on you!
* * * LOW HITPOINT WARNING * * *
The jumping spider bites you but does no damage.
The tarantella bites you!
* * * LOW HITPOINT WARNING * * *
You are confused.
Unknown command.
You feel much better. The jumping spider pounces on you.
You are even more entangled.
The jumping spider bites you but does no damage.
The tarantella bites you.
You are more confused.
The jumping spider pounces on you!
* * * LOW HITPOINT WARNING * * *
You are even more entangled.
The jumping spider bites you but does no damage.
The tarantella bites you!
* * * LOW HITPOINT WARNING * * *
Unknown command.
You feel much better.
The jumping spider pounces on you but does no damage.
The jumping spider bites you. The tarantella bites you!
You die...

▓..©..▓..©..▓▓▓▓▓▓▓
▓▓▓▓▓▓▓▓▓▓▓▓▓▓▓▓▓▓▓
▓..8©8...▓..8©8...▓
▓.†}}....▓..?[)...▓
▓..†)....▓..).}...▓
▓..†.....▓........▓
▓........▓........▓
▓.▓....▓.▓.▓ss..▓.▓
▓...©....▓...@....▓
▓▓▓▓▓▓▓▓▓▓▓▓▓▓▓▓▓▓▓


You could see a jumping spider and a tarantella.

Vanquished Creatures
  A jumping spider (D)
  Sigmund (D)
  2 spriggans (D)
  2 tarantellas (D)
  A water moccasin (D)
  2 wolves (D)
  4 scorpions (D)
  Jessica (D)
  2 ball pythons (D)
16 creatures vanquished.

Notes
Turn   | Place    | Note
-------+----------+-------------------------------------------
     0 | D        | mhtbhm the Deep Elf Fire Elementalist began the quest for
                  | the Orb.
     0 | D        | Reached XP level 1. HP: 10/10 MP: 6/6
     0 | D        | Found a shimmering blue altar of Sif Muna.
     0 | D        | Found a bloodstained altar of Trog.
     0 | D        | Found a sacrificial altar of Ru.
     0 | D        | Found a stormy altar of Qazlal.
     0 | D        | Found an iron altar of Okawaru.
     1 | D        | Found a sparkling altar of Nemelex Xobeh.
     1 | D        | Found a blossoming altar of Fedhas.
     2 | D        | Found the +6 Majin-Bo {vamp, MP+6 Int+6}
     2 | D        | Found the +9 heavy crossbow "Sniper" {vorpal, Acc+∞ SInv}
     2 | D        | Found the +10 dark maul {vorpal}
     2 | D        | Found the +15 Maxwell's patent armour {-Cast -Tele rElec
                  | Will+ rCorr}
     2 | D        | Found the +18 shield of the Gong {rElec rN+ Will+ EV-5}
     2 | D        | Found the +14 obsidian axe {vorpal, Drain Fly SInv}
     2 | D        | Found the +7 great mace "Firestarter" {inner flame, rF++}
     2 | D        | Found the +6 shillelagh "Devastator" {shatter}
     2 | D        | Found the +11 plutonium sword {Contam Stlth-}
     2 | D        | Found the +8 lance "Wyrmbane" {slay drac, rPois rF+ rC+
                  | AC+3}
     2 | D        | Found the +9 sword of Zonguldrok {reap}
     2 | D        | Found the +13 scythe of Curses {drain, Drain}
     2 | D        | Found the +5 sword of Power {vorpal}
     2 | D        | Found the +7 mace of Variability {chain chaos}
     2 | D        | Found the +7 Singing Sword {vorpal, sonic wave}
     2 | D        | Found the +8 storm bow {elec, penet}
     3 | D        | Found a transporter.
     3 | D        | Found an ancient bone altar of Kikubaaqudgha.
     3 | D        | Found a viscous altar of Jiyva.
     3 | D        | Found a corrupted altar of Lugonu.
     3 | D        | Found a hazy altar of Hepliaklqana.
     3 | D        | Found a burning altar of Makhleb.
     3 | D        | Found an opulent altar of Gozag.
    12 | D        | Banished a spatial maelstrom
    37 | D        | Became a worshipper of Vehumet
    58 | D        | Entered arena 2.
    58 | D        | Noticed Sigmund
    58 | D        | Noticed Jessica
    58 | D        | Found a transporter.
    59 | D        | Killed Jessica
    60 | D        | Reached skill level 5 in Fire Magic
    60 | D        | Reached XP level 2. HP: 15/15 MP: 7/9
    61 | D        | Killed Sigmund
    62 | D        | Reached skill level 5 in Dodging
    62 | D        | Reached skill level 9 in Fire Magic
    62 | D        | Reached skill level 1 in Evocations
    62 | D        | Reached XP level 3. HP: 15/19 MP: 8/13
    62 | D        | Reached XP level 4. HP: 19/24 MP: 8/14
    62 | D        | Reached XP level 5. HP: 22/28 MP: 9/16
   112 | D        | Learned a level 3 spell: Conjure Flame
   116 | D        | Learned a level 3 spell: Inner Flame
   121 | D        | Learned a level 4 spell: Sticky Flame
   127 | D        | Learned a level 5 spell: Fireball
   228 | D        | Entered arena 3.
   228 | D        | Noticed a water moccasin
   228 | D        | Found a transporter.
   229 | D        | Found the +7 Spriggan's Knife {stab, EV+4 Stlth+}
   229 | D        | Reached * piety under Vehumet
   229 | D        | Offered knowledge of Sandblast by Vehumet.
   230 | D        | Killed a water moccasin
   231 | D        | Reached skill level 5 in Stealth
   231 | D        | Reached skill level 10 in Fire Magic
   231 | D        | Reached XP level 6. HP: 32/32 MP: 9/18
   351 | D        | Entered arena 4.
   351 | D        | Noticed a spriggan
   351 | D        | Noticed a spriggan
   351 | D        | Found a transporter.
   352 | D        | Reached ** piety under Vehumet
   352 | D        | Killed a spriggan
   353 | D        | Reached skill level 12 in Fire Magic
   353 | D        | Reached XP level 7. HP: 36/36 MP: 15/21
   353 | D        | Killed a spriggan
   354 | D        | Reached skill level 13 in Fire Magic
   520 | D        | Entered arena 5.
   520 | D        | Noticed a jumping spider
   520 | D        | Found a transporter.
   522 | D        | Offered knowledge of Poisonous Vapours by Vehumet.
   522 | D        | Reached *** piety under Vehumet
   523 | D        | Reached skill level 10 in Spellcasting
   523 | D        | Reached skill level 14 in Fire Magic
   523 | D        | Killed a jumping spider
   524 | D        | Reached XP level 8. HP: 41/41 MP: 11/24
   596 | D        | Entered arena 6.
   596 | D        | Noticed a jumping spider
   596 | D        | Found a transporter.
   597 | D        | Reached **** piety under Vehumet
   598 | D        | Reached skill level 15 in Fire Magic
   600 | D        | HP: 1/41 [tarantella (9)]
   602 | D        | Slain by a tarantella

Illustrated notes

Levels and vault maps discovered:
D:        sprint_v [room_start, room_1, room_2, room_3, room_4, room_5, room_6,
          room_7, room_8, room_9, room_10, room_11, room_12, room_13, room_14,
          room_15, room_16, room_17, room_18, room_19, room_20, room_21,
          room_22, room_23, room_24, room_25, room_26, room_27]

Skill      XL: |  1  2  3  4  5  6  7  8 |
---------------+-------------------------+-----
Dodging        | 3 5 6 8 |  8.7
Stealth        | 3 4 5 |  5.4
Spellcasting   | 4 6 7 9 10 11 | 11.3
Fire Magic     | 5 9 10 12 14 15 | 15.3
Evocations     | 1 2 3 |  3.5
Conjurations   | 2 3 |  3.5

Action                   |  1- 3 |  4- 6 |  7- 9 || total
-------------------------+-------+-------+-------++-------
 Cast: Fireball          |       |     3 |     5 ||     8
Evoke: Wand              |     1 |       |       ||     1
       Lightning rod     |     2 |       |     2 ||     4
  Use: Potion            |       |       |     3 ||     3
Armor: Robe              |       |       |     8 ||     8

Table legend: (Time is in decaauts)
 A = Elapsed time spent in this place.
 B = Non-inter-level travel time spent in this place.
 C = Inter-level travel time spent in this place.
 D = Time resting spent in this place.
 E = Time spent auto-exploring this place.
 F = Levels seen in this place.
 G = Mean time per level.
                   A        B        C        D        E       F      G
               +--------+--------+--------+--------+--------+-----+--------+
         Total |    600 |    600 |      0 |    450 |      0 |   1 |  600.0 |
       Dungeon |    600 |    600 |      0 |    450 |      0 |   1 |  600.0 |
               +--------+--------+--------+--------+--------+-----+--------+

Top non-repeatable levels by time:
       D: 600 daAuts
